 Dungeon Crawl Stone Soup version 0.25.1-2-g60ff931df9 (webtiles) character file.

Game seed: 15418754230216841066

448 Delamore the Cudgeler (level 7, 0/41 HPs)
             Began as a Gargoyle Fighter on Aug 20, 2020.
             Killed from afar by a white imp (8 damage)
             ... with a puff of frost
             ... summoned by Eustachio
             ... on level 4 of the Dungeon.
             The game lasted 00:02:41 (3359 turns).

Delamore the Cudgeler (Gargoyle Fighter)            Turns: 3359, Time: 00:02:42

Health: 0/41       AC: 12    Str: 22    XL:     7   Next: 4%
Magic:  7/7        EV:  7    Int:  8    God:
Gold:   153        SH:  9    Dex:  9    Spells: 6/6 levels left

rFire    . . .     SeeInvis .   a - +0 flail
rCold    . . .     Gourm    .   c - +0 kite shield
rNeg     + . .     Faith    .   b - +0 scale mail
rPois    ∞         Spirit   .   (no helmet)
rElec    +         Reflect  .   r - +0 cloak
rCorr    .         Harm     .   (no gloves)
MR       .....                  (no boots)
Stlth    ..........             (no amulet)
HPRegen  0.13/turn              (no ring)
MPRegen  0.10/turn              (no ring)

@: no status effects
A: negative energy resistance 1, electricity resistance, unbreathing,
petrification resistance, rot immunity, AC +4
a: no special abilities


You were on level 4 of the Dungeon.
You were not hungry.

You visited 1 branch of the dungeon, and saw 4 of its levels.

You collected 153 gold pieces.

Inventory:

Hand Weapons
 a - a +0 flail (weapon)
Missiles
 j - 4 poisoned darts (quivered)
Armour
 b - a +0 scale mail (worn)
 c - a +0 kite shield (worn)
 r - a +0 cloak (worn)
Jewellery
 m - an uncursed ring of protection from magic {unknown}
Wands
 o - a wand of polymorph (5)
Scrolls
 e - a scroll of immolation {unknown}
 h - 5 scrolls of remove curse {unknown}
 i - 6 scrolls of identify {unknown}
 l - a scroll of magic mapping {unknown}
Potions
 d - 4 potions of might
 g - a potion of stabbing {unknown}
 k - a potion of lignification {unknown}
 n - 2 potions of mutation {unknown}
 p - a potion of flight {unknown}
 q - a potion of heal wounds {unknown}
Comestibles
 f - 7 rations


   Skills:
 - Level 3.2 Fighting
 + Level 7.3 Maces & Flails
 - Level 3.2 Armour
 - Level 3.2 Shields


You had 6 spell levels left.
You didn't know any spells.
Your spell library was empty.

Dungeon Overview and Level Annotations

Branches:
Dungeon (4/15)
 Temple: D:4-7

Altars:
Ashenzari
Dithmenos
Elyvilon
Gozag
Trog
Xom
Yredelemnul
Zin

Shops:
D:4 *

Annotations:
D:4 Eustachio


Innate Abilities, Weirdness & Mutations

You are resistant to torment.
Your stone body is resilient. (AC +4)
You are immune to poison.
You resist negative energy. (rN+)
You are resistant to electric shocks. (rElec)
You can survive without breathing.
You are immune to petrification.
You are immune to rotting.


Message History

You block the quokka's attack.
The crimson imp blinks!
You closely miss Eustachio.
Eustachio is severely wounded.
You block the quokka's attack.
Eustachio gestures wildly while chanting.
Eustachio blinks!
The crimson imp disappears in a puff of smoke!
Eustachio mumbles some strange words.
The quokka barely misses you. You block Eustachio's attack.
You block the white imp's attack.
You sock Eustachio!
Eustachio is almost dead.
The river rat bites you but does no damage.
You block the quokka's attack. You block Eustachio's attack.
The crimson imp spits at you.
The crimson imp hits you but does no damage.
The white imp gestures at you. The puff of frost hits you!
You die...

#.#........##### ##.#.##.#
#.#....###.....###..#..#.#
#>.....# #.....##...##.#r#
###.#### #.....#.......#.# #.#
#.....##.....(..# ###.#
#.....###..#((.## #...#
###.####....(#..# #...#
#...rr....###.# #..[#
####.5@rr.∩.._⌠#.# ####.####
#....@.5.....###.# # #.......#
#..##..##(....#..# # ........#
#..##..###.......######
..##.#..###............###.......
..##..............###### ###.####
....##..###.......##########.....
........# ##..###....##.....(.#..
.......## #..###....##.###...#.#


You could see Eustachio, a crimson imp (summoned), a river rat (summoned), a
white imp (summoned), a quokka (summoned) and 2 rats.

Vanquished Creatures
  Menkaure (D:4)
  2 orc wizards
  3 orc priests
  An iguana (D:4)
  2 worker ants (D:4)
  4 adders
  An adder skeleton (D:3)
  An adder zombie (D:4)
  2 worms (D:2)
  A dart slug (D:1)
  A leopard gecko (D:1)
  11 orcs
  6 giant cockroaches
  3 goblins
  3 hobgoblins
  3 jackals (D:1)
  5 bats
  5 frilled lizards
  5 kobolds
  7 rats
67 creatures vanquished.

Notes
Turn   | Place    | Note
-------+----------+-------------------------------------------
     0 | D:1      | Delamore the Gargoyle Fighter began the quest for the Orb.
     0 | D:1      | Reached XP level 1. HP: 14/14 MP: 1/1
   107 | D:1      | Reached XP level 2. HP: 19/19 MP: 2/2
   159 | D:1      | Reached skill level 3 in Maces & Flails
   630 | D:1      | Reached XP level 3. HP: 23/23 MP: 3/3
   783 | D:2      | Found a shadowy altar of Dithmenos.
   898 | D:2      | Reached skill level 4 in Maces & Flails
  1036 | D:2      | Reached XP level 4. HP: 28/28 MP: 4/4
  1465 | D:3      | Found a bloodstained altar of Trog.
  1720 | D:3      | Reached skill level 5 in Maces & Flails
  1720 | D:3      | Reached XP level 5. HP: 27/32 MP: 5/5
  2065 | D:3      | Found a shattered altar of Ashenzari.
  2188 | D:3      | Found a basalt altar of Yredelemnul.
  2250 | D:3      | Found a white marble altar of Elyvilon.
  2615 | D:4      | Reached skill level 6 in Maces & Flails
  2713 | D:4      | Found a shimmering altar of Xom.
  2732 | D:4      | Found an opulent altar of Gozag.
  2751 | D:4      | Reached XP level 6. HP: 33/37 MP: 6/6
  2780 | D:4      | Found a glowing silver altar of Zin.
  2783 | D:4      | Found Zin's Purification Station.
  2994 | D:4      | Noticed Menkaure
  3011 | D:4      | Killed Menkaure
  3011 | D:4      | Reached skill level 7 in Maces & Flails
  3011 | D:4      | Reached XP level 7. HP: 15/41 MP: 7/7
  3284 | D:4      | Noticed Eustachio
  3359 | D:4      | Killed from afar by a white imp

Illustrated notes

Levels and vault maps discovered:
D:1:      heliophobic_arrival_henge, layout_loops_ring
D:2:      layout_loops_ring, nicolae_dithmenos_through_a_glass_darkly,
          hangedman_abyss_or_decor_stabs, hangedman_feature_mirror
D:3:      layout_loops_cross, kennysheep_ying_yang,
          lemuel_coloured_pillars_altar, evilmike_ruin_ashenzari
D:4:      layout_loops_cross, xom_teletrap_fun, nicolae_overflow_crystal_walls,
          zin_purify, first_ration, uniq_menkaure, uniq_eustachio

Skill      XL: |  1  2  3  4  5  6 |
---------------+-------------------+-----
Maces & Flails | 3 4 5 6 7 |  7.3
Fighting       | |  3.2
Armour         | |  3.2
Shields        | |  3.2

Action                   |  1- 3 |  4- 6 |  7- 9 || total
-------------------------+-------+-------+-------++-------
Melee: Flail             |   101 |   196 |    24 ||   321
Throw: Dart              |       |       |    12 ||    12
  Eat: Chunk             |     1 |     6 |     1 ||     8
Armor: Scale mail        |    57 |   121 |    37 ||   215
Dodge: Dodged            |    50 |    68 |    15 ||   133
Block: Kite shield       |    56 |   108 |    45 ||   209
